TOP OF THE 1ST |
Minnesota Golden Gophers batting - Pitching for Seton Hall Pirates : RHP Dylan Chapman
|
Pitching: RHP Dylan Chapman
|
|
Batting: LHB Arturo Nieves
|
0-0: Called Strike 0-1: Ball 1-1: Called Strike 1-2: Ball 2-2: Strikes out swinging
|
Batting: LHB Will Rhodes
|
0-0: Ball 1-0: Foul Ball, location: 2F 1-1: Swinging Strike 1-2: Ball 2-2: Ball 3-2: Foul Ball, location: 2F 3-2: Foul Ball, location: 2F 3-2: Base on Balls
|
Batting: RHB Christian Nash
|
0-0: Ball 1-0: Foul Ball, location: 2F 1-1: Foul Ball, location: 2F 1-2: Grounds into double play, 4-6-3 (Groundball, 4)
|
Top of the 1st over - 0 run(s), 0 hit(s), 0 error(s), 0 left on base; Minnesota 0 - Seton Hall 0 |
BOTTOM OF THE 1ST |
Seton Hall Pirates batting - Pitching for Minnesota Golden Gophers : RHP Harvey Taylor
|
Pitching: RHP Harvey Taylor
|
|
Batting: LHB Jerry Benjamin
|
0-0: Called Strike 0-1: Swinging Strike 0-2: Ball 1-2: Ball 2-2: SOLO HOME RUN (Line Drive, 8LXD), Distance : 390 ft
|
Batting: LHB Travis Jefferson
|
0-0: Ball 1-0: Ball 2-0: Ball 3-0: Base on Balls
|
Batting: SHB Carlton Moreno
|
0-0: Called Strike 0-1: Called Strike 0-2: Foul Ball, location: 2F 0-2: Foul Ball, location: 2F 0-2: Foul Ball, location: 2F 0-2: SINGLE (Groundball, 6MD) Travis Jefferson to second Runner from 2nd tries for 3rd, SAFE, throw made to third
|
Batting: RHB Charles Branigan
|
0-0: Called Strike 0-1: Swinging Strike 0-2: Strikes out swinging
|
Batting: RHB José Aponte
|
0-0: Ball 1-0: Foul Ball, location: 2F 1-1: Called Strike 1-2: Ball 2-2: Strikes out swinging
|
Batting: LHB Joe Rutherford
|
0-0: Ball 1-0: SINGLE (Flyball, 5D) Travis Jefferson scores Carlton Moreno to second
|
Batting: RHB Tim Torres
|
0-0: Swinging Strike 0-1: Fly out, F7 (Line Drive, 7D)
|
Bottom of the 1st over - 2 run(s), 3 hit(s), 0 error(s), 2 left on base; Minnesota 0 - Seton Hall 2 |
TOP OF THE 2ND |
Minnesota Golden Gophers batting - Pitching for Seton Hall Pirates : RHP Dylan Chapman
|
Batting: RHB James Morris
|
0-0: Called Strike 0-1: Ball 1-1: Ball 2-1: Fly out, F5 (Popup, 6S)
|
Batting: RHB Mike Martínez
|
0-0: Ball 1-0: Swinging Strike 1-1: Fly out, F3 (Popup, 3S)
|
Batting: LHB Scott Rivera
|
0-0: Ball 1-0: Ball 2-0: Ball 3-0: Called Strike 3-1: Swinging Strike 3-2: Foul Ball, location: 2F 3-2: Foul Ball, location: 2F 3-2: Foul Ball, location: 2F 3-2: Strikes out swinging
|
Top of the 2nd over - 0 run(s), 0 hit(s), 0 error(s), 0 left on base; Minnesota 0 - Seton Hall 2 |
BOTTOM OF THE 2ND |
Seton Hall Pirates batting - Pitching for Minnesota Golden Gophers : RHP Harvey Taylor
|
Batting: LHB Michael Graham
|
0-0: Fly out, F7 (Flyball, 7D)
|
Batting: RHB Ken Horn
|
0-0: Ball 1-0: Called Strike 1-1: Ball 2-1: Ground out 5-3 (Groundball, 56S)
|
Batting: LHB Jerry Benjamin
|
0-0: Foul Ball, location: 2F 0-1: Foul Ball, location: 2F 0-2: Foul Ball, location: 2F 0-2: Strikes out looking
|
Bottom of the 2nd over - 0 run(s), 0 hit(s), 0 error(s), 0 left on base; Minnesota 0 - Seton Hall 2 |
TOP OF THE 3RD |
Minnesota Golden Gophers batting - Pitching for Seton Hall Pirates : RHP Dylan Chapman
|
Batting: LHB Emory Lawson
|
0-0: Foul Ball, location: 2F 0-1: Ball 1-1: Ball 2-1: Ball 3-1: Fly out, F5 (Popup, 5)
|
Batting: SHB Enrique Stevenson
|
0-0: SINGLE (Line Drive, 56D)
|
Batting: RHB Jorge Morán
|
0-0: Ball 1-0: Called Strike 1-1: Ball 2-1: Swinging Strike 2-2: Foul Ball, location: 2F 2-2: Foul Ball, location: 2F 2-2: Foul Ball, location: 2F 2-2: Ball 3-2: Fly out, F9 (Flyball, 89S)
|
Batting: LHB Arturo Nieves
|
0-0: Called Strike 0-1: Ball 1-1: Ball 2-1: Called Strike 2-2: Reached on error, E4 (Groundball, 34) Enrique Stevenson to second
|
Batting: LHB Will Rhodes
|
0-0: Called Strike 0-1: Called Strike 0-2: Ball 1-2: Ball 2-2: Fly out, F8 (Flyball, 8RD)
|
Top of the 3rd over - 0 run(s), 1 hit(s), 1 error(s), 2 left on base; Minnesota 0 - Seton Hall 2 |
BOTTOM OF THE 3RD |
Seton Hall Pirates batting - Pitching for Minnesota Golden Gophers : RHP Harvey Taylor
|
Batting: LHB Travis Jefferson
|
0-0: Swinging Strike 0-1: DOUBLE (Line Drive, 5D)
|
Batting: SHB Carlton Moreno
|
0-0: Ball 1-0: Foul Ball, location: 2F 1-1: Swinging Strike 1-2: Strikes out swinging
|
Batting: RHB Charles Branigan
|
0-0: Ball 1-0: Ball 2-0: Called Strike 2-1: Foul Ball, location: 2F 2-2: Strikes out looking
|
Batting: RHB José Aponte
|
0-0: Called Strike 0-1: Swinging Strike 0-2: Ball 1-2: Ball 2-2: Ball 3-2: SINGLE (Line Drive, 8RS) Travis Jefferson to third Travis Jefferson scores
|
Batting: LHB Joe Rutherford
|
0-0: Called Strike 0-1: Ball 1-1: Foul Ball, location: 2F 1-2: Ground out 5-3 (Groundball, 56S)
|
Bottom of the 3rd over - 1 run(s), 2 hit(s), 0 error(s), 1 left on base; Minnesota 0 - Seton Hall 3 |
TOP OF THE 4TH |
Minnesota Golden Gophers batting - Pitching for Seton Hall Pirates : RHP Dylan Chapman
|
Batting: RHB Christian Nash
|
0-0: Called Strike 0-1: Ball 1-1: Ball 2-1: Called Strike 2-2: Foul Ball, location: 2F 2-2: Ground out 4-3 (Groundball, 4MS)
|
Batting: RHB James Morris
|
0-0: Swinging Strike 0-1: Swinging Strike 0-2: Foul Ball, location: 2F 0-2: Strikes out swinging
|
Batting: RHB Mike Martínez
|
0-0: Ball 1-0: SINGLE (Groundball, 4MD)
|
Batting: LHB Scott Rivera
|
0-0: Ball 1-0: Ground out U3 (Groundball, 3)
|
Top of the 4th over - 0 run(s), 1 hit(s), 0 error(s), 1 left on base; Minnesota 0 - Seton Hall 3 |
BOTTOM OF THE 4TH |
Seton Hall Pirates batting - Pitching for Minnesota Golden Gophers : RHP Harvey Taylor
|
Batting: RHB Tim Torres
|
0-0: Ball 1-0: Ball 2-0: Foul Ball, location: 2F 2-1: Ball 3-1: Ground out 6-3 (Groundball, 6)
|
Batting: LHB Michael Graham
|
0-0: Ball 1-0: Called Strike 1-1: Called Strike 1-2: Ground out U3 (Groundball, 34)
|
Batting: RHB Ken Horn
|
0-0: Ball 1-0: Ball 2-0: Called Strike 2-1: Swinging Strike 2-2: Ball 3-2: Strikes out swinging, 2-3 out at first.
|
Bottom of the 4th over - 0 run(s), 0 hit(s), 0 error(s), 0 left on base; Minnesota 0 - Seton Hall 3 |
TOP OF THE 5TH |
Minnesota Golden Gophers batting - Pitching for Seton Hall Pirates : RHP Dylan Chapman
|
Batting: LHB Emory Lawson
|
0-0: Ball 1-0: SINGLE (Line Drive, 6MD)
|
Batting: SHB Enrique Stevenson
|
0-0: Foul Ball, location: 2F 0-1: Fly out, F7 (Flyball, 7LSF)
|
Batting: RHB Jorge Morán
|
0-0: Ball 1-0: Ball 2-0: Ball 3-0: Called Strike 3-1: Base on Balls Emory Lawson to second
|
Pitching: RHP John Wright
|
|
Batting: LHB Arturo Nieves
|
0-0: Called Strike 0-1: Ball 1-1: Foul Ball, location: 2F 1-2: Strikes out swinging
|
Batting: LHB Will Rhodes
|
0-0: Ball 1-0: SINGLE (Line Drive, 34D) Emory Lawson to third Jorge Morán to second Runner from 3rd tries for Home, SAFE, no throw
|
Batting: RHB Christian Nash
|
0-0: Swinging Strike 0-1: Foul Ball, location: 2F 0-2: Ball 1-2: Strikes out looking
|
Top of the 5th over - 1 run(s), 2 hit(s), 0 error(s), 2 left on base; Minnesota 1 - Seton Hall 3 |
BOTTOM OF THE 5TH |
Seton Hall Pirates batting - Pitching for Minnesota Golden Gophers : RHP Harvey Taylor
|
Batting: LHB Jerry Benjamin
|
0-0: Ball 1-0: Ball 2-0: Fly out, F7 (Flyball, 7)
|
Batting: LHB Travis Jefferson
|
0-0: Ball 1-0: Called Strike 1-1: Fly out, F9 (Flyball, 89S)
|
Batting: SHB Carlton Moreno
|
0-0: Ball 1-0: Foul Ball, location: 2F 1-1: Foul Ball, location: 2F 1-2: Foul Ball, location: 2F 1-2: Foul Ball, location: 2F 1-2: Foul Ball, location: 2F 1-2: Fly out, F8 (Flyball, 8LS)
|
Bottom of the 5th over - 0 run(s), 0 hit(s), 0 error(s), 0 left on base; Minnesota 1 - Seton Hall 3 |
TOP OF THE 6TH |
Minnesota Golden Gophers batting - Pitching for Seton Hall Pirates : RHP John Wright
|
Batting: RHB James Morris
|
0-0: SINGLE (Line Drive, 7LS)
|
Batting: RHB Mike Martínez
|
0-0: Called Strike 0-1: Ball 1-1: Foul Ball, location: 2F 1-2: 2-RUN HOME RUN (Flyball, 8LXD), Distance : 388 ft
|
Pitching: RHP Chris Spence
|
|
Batting: LHB Scott Rivera
|
0-0: Called Strike 0-1: Called Strike 0-2: Ball 1-2: Foul Ball, location: 2F 1-2: Ball 2-2: Strikes out swinging
|
Batting: LHB Emory Lawson
|
0-0: Called Strike 0-1: Called Strike 0-2: SOLO HOME RUN (Flyball, 89XD), Distance : 369 ft
|
Batting: SHB Enrique Stevenson
|
0-0: SOLO HOME RUN (Line Drive, 7LD), Distance : 344 ft
|
Pitching: RHP Billy Parsons
|
|
Batting: RHB Jorge Morán
|
0-0: Foul Ball, location: 2F 0-1: Called Strike 0-2: Ball 1-2: Foul Ball, location: 2F 1-2: Fly out, F7 (Flyball, 7)
|
Batting: LHB Arturo Nieves
|
0-0: Ball 1-0: Called Strike 1-1: Ball 2-1: Foul Ball, location: 2F 2-2: Ground out 4-3 (Groundball, 4S)
|
Top of the 6th over - 4 run(s), 4 hit(s), 0 error(s), 0 left on base; Minnesota 5 - Seton Hall 3 |
BOTTOM OF THE 6TH |
Seton Hall Pirates batting - Pitching for Minnesota Golden Gophers : RHP Harvey Taylor
|
Pitching: RHP Nick Hanson
|
|
Batting: RHB Charles Branigan
|
0-0: Called Strike 0-1: Foul Ball, location: 2F 0-2: Ball 1-2: Foul Ball, location: 2F 1-2: Strikes out swinging
|
Batting: RHB José Aponte
|
0-0: Ball 1-0: Called Strike 1-1: Ball 2-1: SINGLE (Flyball, 89S)
|
Batting: LHB Joe Rutherford
|
0-0: Called Strike 0-1: Called Strike 0-2: Foul Ball, location: 2F 0-2: Ball 1-2: Strikes out swinging
|
Batting: RHB Tim Torres
|
0-0: Ball 1-0: Fielders Choice at 2nd, 6-4 (Groundball, 6)
|
Bottom of the 6th over - 0 run(s), 1 hit(s), 0 error(s), 0 left on base; Minnesota 5 - Seton Hall 3 |
TOP OF THE 7TH |
Minnesota Golden Gophers batting - Pitching for Seton Hall Pirates : RHP Billy Parsons
|
Batting: LHB Will Rhodes
|
0-0: Ball 1-0: Ball 2-0: Swinging Strike 2-1: Ground out U3 (Groundball, 34)
|
Batting: RHB Christian Nash
|
0-0: Ball 1-0: Ball 2-0: Ball 3-0: Base on Balls
|
Batting: RHB James Morris
|
0-0: Ball 1-0: Fly out, F7 (Flyball, 7)
|
Batting: RHB Mike Martínez
|
0-0: Called Strike 0-1: Ball 1-1: Foul Ball, location: 2F 1-2: Strikes out swinging
|
Top of the 7th over - 0 run(s), 0 hit(s), 0 error(s), 1 left on base; Minnesota 5 - Seton Hall 3 |
BOTTOM OF THE 7TH |
Seton Hall Pirates batting - Pitching for Minnesota Golden Gophers : RHP Nick Hanson
|
Now at C: Pedro García
|
|
Batting: LHB Michael Graham
|
0-0: Swinging Strike 0-1: Foul Ball, location: 2F 0-2: Strikes out swinging
|
Batting: RHB Ken Horn
|
0-0: Ball 1-0: Fly out, F8 (Flyball, 8LM)
|
Batting: LHB Jerry Benjamin
|
0-0: Ball 1-0: Ball 2-0: Called Strike 2-1: SINGLE (Line Drive, 8LS)
|
Batting: LHB Travis Jefferson
|
0-0: Ball Jerry Benjamin steals 2nd base 1-0: Foul Ball, location: 2F 1-1: Ball 2-1: Foul Ball, location: 2F 2-2: 2-RUN HOME RUN (Flyball, 89XD), Distance : 383 ft
|
Batting: SHB Carlton Moreno
|
0-0: Foul Ball, location: 2F 0-1: Foul Ball, location: 2F 0-2: Ball 1-2: Foul Ball, location: 2F 1-2: Ball 2-2: Foul Ball, location: 2F 2-2: Ball 3-2: Foul Ball, location: 2F 3-2: Ground out 4-3 (Groundball, 4M)
|
Bottom of the 7th over - 2 run(s), 2 hit(s), 0 error(s), 0 left on base; Minnesota 5 - Seton Hall 5 |
TOP OF THE 8TH |
Minnesota Golden Gophers batting - Pitching for Seton Hall Pirates : RHP Billy Parsons
|
Batting: LHB Scott Rivera
|
0-0: Ball 1-0: Called Strike 1-1: Ball 2-1: Called Strike 2-2: Foul Ball, location: 2F 2-2: Strikes out swinging
|
Batting: LHB Emory Lawson
|
0-0: Ball 1-0: Ground out 4-3 (Groundball, 4)
|
Batting: SHB Enrique Stevenson
|
0-0: Ball 1-0: Ball 2-0: Foul Ball, location: 2F 2-1: Ball 3-1: Ground out 1-3 (Groundball, 15)
|
Top of the 8th over - 0 run(s), 0 hit(s), 0 error(s), 0 left on base; Minnesota 5 - Seton Hall 5 |
BOTTOM OF THE 8TH |
Seton Hall Pirates batting - Pitching for Minnesota Golden Gophers : RHP Nick Hanson
|
Pitching: RHP Sandy Lund
|
|
Batting: RHB Charles Branigan
|
0-0: Fly out, F9 (Flyball, 9)
|
Pitching: RHP Colm Day
|
|
Batting: RHB José Aponte
|
0-0: Called Strike 0-1: Ball 1-1: Ball 2-1: SINGLE (Line Drive, 78S)
|
Batting: LHB Joe Rutherford
|
0-0: Swinging Strike 0-1: Ball 1-1: Sac Bunt - play at first, batter OUT! 5-3 José Aponte to second
|
Batting: RHB Tim Torres
|
0-0: Intentional Walk
|
Batting: LHB Michael Graham
|
0-0: Fielders Choice at 2nd, U6 (Groundball, 6M)
|
Bottom of the 8th over - 0 run(s), 1 hit(s), 0 error(s), 2 left on base; Minnesota 5 - Seton Hall 5 |
TOP OF THE 9TH |
Minnesota Golden Gophers batting - Pitching for Seton Hall Pirates : RHP Billy Parsons
|
Pitching: RHP Edwin Martin
|
|
Pinch Hitting: RHB Travis Alexander
|
0-0: Swinging Strike 0-1: Ball 1-1: Called Strike 1-2: Strikes out swinging
|
Batting: LHB Arturo Nieves
|
0-0: Ball 1-0: Ground out 4-3 (Groundball, 4)
|
Batting: LHB Will Rhodes
|
0-0: Called Strike 0-1: Called Strike 0-2: Ball 1-2: Foul Ball, location: 2F 1-2: Ball 2-2: Ball 3-2: Foul Ball, location: 2F 3-2: Base on Balls
|
Batting: RHB Pedro García
|
0-0: Ball 1-0: Ball 2-0: Foul Ball, location: 2F 2-1: Called Strike 2-2: Strikes out swinging
|
Top of the 9th over - 0 run(s), 0 hit(s), 0 error(s), 1 left on base; Minnesota 5 - Seton Hall 5 |
BOTTOM OF THE 9TH |
Seton Hall Pirates batting - Pitching for Minnesota Golden Gophers : RHP Colm Day
|
Pitching: LHP Roberto Díaz
|
|
Now at 2B: Travis Alexander
|
|
Batting: RHB Ken Horn
|
0-0: Ground out 6-3 (Groundball, 6S)
|
Batting: LHB Jerry Benjamin
|
0-0: Foul Ball, location: 2F 0-1: Ball 1-1: Ball 2-1: Ball 3-1: Foul Ball, location: 2F 3-2: Base on Balls
|
Batting: LHB Travis Jefferson
|
0-0: Called Strike 0-1: Ball 1-1: Ball 2-1: Ball 3-1: Base on Balls Jerry Benjamin to second
|
Batting: SHB Carlton Moreno
|
0-0: Foul Ball, location: 2F 0-1: Ball 1-1: Ball 2-1: Foul Ball, location: 2F 2-2: Ball 3-2: SINGLE (Groundball, 56D) Jerry Benjamin to third Travis Jefferson to second Runner from 3rd tries for Home, SAFE, throw made home
|
Tuesday, August 8th, 2017 - OOTP Baseball 17.12 Build 75
|
|